Map: Taito Citadel LE

Players

Serral - Winner!

  • Race: Zerg Zerg
  • League: Grandmaster
  • Spawn Location: 5:00

VITRyung (Ryung)

  • Race: Terran Terran
  • League: Grandmaster
  • Spawn Location: 11:00

VOD

Have the link to the VOD?

Description

Time

  • Played on: Jan. 30, 2026, 11:19 a.m.
  • Length: 22:15
Show
View Real Time Build Order
Export as new Build Order

Serral Zerg - Winner!

Build Orders: Pool First 

Get SALT Encoding   

  12  0:00  Drone  
  13  0:08  Drone  
  14  0:16  Overlord  
  14  0:22  Extractor, Drone  
  15  0:34  Drone x2  
  17  0:41  Extractor  
  16  0:43  Drone  
  16  0:48  Spawning Pool  
  16  0:54  Drone  
  17  1:05  Drone  
  18  1:15  Hatchery  
  18  1:18  Drone  
  18  1:34  Queen  
  18  1:35  Zergling x2  
  18  1:38  Zergling x2  
  22  1:45  Metabolic Boost  
  22  1:51  Overlord  
  22  2:10  Queen  
  22  2:14  Zergling x4  
  26  2:22  Zergling x2  
  27  2:27  Queen, Drone  
  30  2:31  Drone  
  31  2:40  Drone  
  31  2:42  Overlord  
  31  2:44  Drone  
  33  2:45  Drone  
  33  2:50  Drone  
  35  2:53  Drone  
  36  3:06  Hatchery  
  36  3:08  Drone  
  36  3:12  Drone x2  
  38  3:14  Drone  
  38  3:17  Drone  
  38  3:18  Drone  
  39  3:23  Drone x2  
  39  3:25  Drone  
  41  3:29  Drone  
  41  3:30  Drone  
  41  3:33  Zergling x2  
  42  3:34  Drone  
  43  3:45  Overlord  
  43  3:47  Extractor  
  42  3:49  Queen, Extractor  
  42  3:51  Overlord  
  45  4:02  Queen  
  45  4:03  Zergling x6  
  45  4:05  Drone  
  45  4:07  Overlord  
  51  4:10  Drone x4  
  51  4:15  Zergling x2  
  56  4:18  Overlord  
  56  4:21  Drone  
  56  4:22  Queen  
  59  4:26  Overlord  
  59  4:27  Drone  
  59  4:29  Drone  
  59  4:30  Drone  
  62  4:32  Drone  
  62  4:36  Lair  
  62  4:38  Zergling x2  
  64  4:39  Zergling x2  
  64  4:41  Drone  
  64  4:42  Drone  
  64  4:44  Drone  
  64  4:45  Drone  
  69  4:49  Drone  
  69  4:50  Drone  
  70  4:53  Overlord  
  70  4:54  Drone x3  
  73  5:00  Baneling Nest  
  73  5:01  Zergling x2  
  73  5:03  Zergling x2  
  73  5:04  Queen  
  73  5:05  Drone  
  77  5:07  Drone  
  77  5:11  Overlord  
  77  5:13  Spore Crawler, Drone x3  
  80  5:17  Drone x3  
  83  5:24  Hatchery  
  83  5:25  Extractor  
  83  5:26  Extractor  
  83  5:27  Spore Crawler  
  83  5:28  Drone x2  
  81  5:30  Zergling x2  
  81  5:33  Spore Crawler  
  81  5:34  Zergling x4, Overseer  
  83  5:35  Drone  
  83  5:37  Drone x2  
  83  5:42  Extractor  
  85  5:44  Spire, Drone  
  85  5:45  Drone x2  
  85  5:47  Extractor x2  
  85  5:48  Spore Crawler  
  84  5:50  Drone x2  
  84  5:51  Drone  
  84  5:53  Centrifugal Hooks  
  84  5:54  Drone  
  84  5:56  Drone  
  89  5:58  Overlord  
  89  6:01  Drone  
  89  6:02  Drone x2  
  89  6:03  Drone  
  93  6:05  Drone x2  
  93  6:06  Drone  
  93  6:09  Overlord  
  95  6:12  Drone x2  
  95  6:13  Overlord  
  95  6:16  Overlord  
  95  6:17  Zergling x2  
  95  6:18  Zergling x4  
  100  6:25  Baneling x2  
  100  6:26  Baneling x6  
  100  6:28  Zergling x8  
  100  6:32  Zergling x2  
  105  6:40  Zergling x8  
  105  6:42  Overlord  
  105  6:43  Zergling x4  
  105  6:45  Overlord  
  111  6:47  Overlord  
  111  6:49  Zergling x2  
  111  6:50  Zergling x6  
  111  6:52  Overlord  
  113  6:56  Zerg Flyer Weapons Level 1  
  110  7:04  Mutalisk x7  
  122  7:09  Drone  
  122  7:15  Baneling x4  
  123  7:16  Mutalisk  
  123  7:17  Zergling x16  
  130  7:22  Baneling  
  130  7:23  Baneling x3  
  130  7:25  Overlord  
  130  7:31  Overlord  
  130  7:32  Drone x4  
  130  7:35  Roach Warren, Evolution Chamber, Drone x2  
  130  7:36  Drone  
  135  7:43  Overlord  
  132  7:46  Mutalisk x4  
  132  7:49  Zergling x12  
  132  7:50  Zergling x2  
  134  7:59  Overlord  
  134  8:01  Drone x7  
  134  8:03  Extractor  
  134  8:04  Extractor  
  137  8:06  Hatchery  
  137  8:08  Zerg Melee Weapons Level 1  
  137  8:11  Evolution Chamber  
  137  8:12  Overlord  
  135  8:13  Drone x4  
  135  8:18  Mutalisk  
  135  8:19  Mutalisk x2  
  143  8:25  Zergling x4  
  143  8:26  Zergling x10  
  144  8:40  Zerg Missile Weapons Level 1, Glial Reconstitution, Infestation Pit  
  143  8:46  Hatchery  
  144  8:48  Roach x3  
  144  8:49  Roach x5  
  144  8:54  Zerg Flyer Weapons Level 2  
  157  8:59  Spine Crawler, Drone x7  
  163  9:03  Baneling x4  
  163  9:08  Roach x4  
  171  9:18  Hive  
  171  9:19  Drone  
  171  9:23  Drone x2  
  171  9:24  Drone  
  175  9:26  Overlord  
  175  9:27  Overlord  
  175  9:28  Pneumatized Carapace  
  175  9:35  Ravager x4  
  175  9:36  Ravager x2  
  181  9:38  Roach  
  181  9:39  Roach x3, Zergling x20  
  181  9:45  Extractor x2  
  197  9:46  Spine Crawler  
  197  9:50  Drone x3  
  197  9:51  Drone x3  
  199  9:59  Hatchery  
  198  10:05  Ravager x4, Neural Parasite  
  198  10:06  Zerg Melee Weapons Level 2  
  200  10:07  Burrow  
  200  10:13  Spine Crawler  
  199  10:19  Spine Crawler  
  199  10:20  Drone x2, Spine Crawler  
  199  10:22  Zergling x2  
  199  10:27  Drone  
  199  10:28  Drone x3  
  199  10:34  Adrenal Glands  
  199  10:37  Drone  
  200  10:45  Zerg Missile Weapons Level 2  
  200  10:47  Overlord  
  182  11:13  Zergling x24  
  182  11:16  Baneling x8  
  192  11:23  Infestor x5  
  192  11:24  Microbial Shroud  
  191  11:26  Zergling x14  
  191  11:27  Zergling x2  
  191  11:31  Baneling  
  191  11:32  Baneling x14  
  199  11:34  Greater Spire  
  190  11:42  Roach x5  
  198  11:52  Roach x2, Zergling x12  
  193  12:10  Zergling x20  
  179  12:24  Roach x3, Zergling x22  
  200  12:35  Extractor  
  200  12:36  Drone x3  
  200  12:37  Drone x3  
  199  12:48  Baneling x7  
  198  12:53  Drone x2  
  184  13:00  Infestor x2  
  184  13:01  Infestor  
  185  13:05  Overseer x4  
  185  13:10  Zergling x28  
  185  13:12  Spine Crawler  
  198  13:14  Zerg Flyer Weapons Level 3  
  198  13:18  Zerg Melee Weapons Level 3  
  198  13:19  Zerg Ground Armor Level 1  
  198  13:26  Infestor x2  
  190  13:29  Zergling x20  
  177  13:41  Zergling x30  
  185  13:59  Extractor, Drone x2  
  185  14:00  Extractor, Drone, Hatchery  
  185  14:04  Ravager x8  
  185  14:05  Baneling x8  
  185  14:06  Baneling x2, Zergling x20  
  196  14:19  Infestor x8  
  180  14:33  Corruptor x6  
  180  14:36  Zergling x14  
  199  14:43  Spine Crawler x2  
  197  14:46  Spine Crawler  
  195  15:10  Brood Lord  
  195  15:11  Brood Lord  
  198  15:18  Infestor x6  
  195  15:23  Hatchery, Overlord x3  
  195  15:28  Brood Lord x4  
  194  15:33  Overlord x3  
  194  15:35  Zerg Missile Weapons Level 3  
  190  15:43  Infestor  
  190  15:44  Infestor x3  
  190  15:49  Zergling x2  
  186  15:50  Zergling x28  
  186  15:51  Zerg Flyer Armor Level 1  
  186  15:55  Zerg Ground Armor Level 2  
  199  16:03  Drone  
  199  16:16  Spine Crawler, Drone, Overseer, Spore Crawler  
  194  16:21  Infestor x3  
  192  16:27  Zergling x12  
  192  16:28  Zergling x12  
  190  16:39  Drone x5  
  187  16:45  Zergling x28  
  199  16:53  Baneling x4  
  197  16:56  Baneling x6  
  196  17:04  Extractor, Drone x3  
  198  17:24  Drone  
  198  17:25  Extractor  
  198  17:26  Drone  
  199  17:32  Drone  
  199  17:33  Drone x2  
  199  17:35  Drone x3  
  198  17:41  Infestor x2  
  199  18:16  Spine Crawler  
  197  18:31  Zergling x6  
  197  18:37  Zergling x14  
  197  18:40  Zergling x18  
  200  18:44  Roach  
  200  18:54  Roach x4, Zergling x2  
  200  19:02  Overlord x5  
  184  19:06  Overlord  
  184  19:07  Zergling x22, Drone x8  
  185  19:11  Roach, Zergling x2  
  185  19:15  Overlord  
  185  19:16  Overlord  
  188  19:20  Overlord x3  
  188  19:22  Hatchery, Roach x2, Zergling x6  
  188  19:23  Ravager x4  
  187  19:28  Roach x2, Zergling x4  
  187  19:29  Queen x2  
  197  19:36  Roach  
  197  19:37  Zergling x2, Infestor x9  
  197  19:43  Zergling x12, Extractor  
  189  19:49  Roach x2, Zergling x4  
  190  20:00  Spine Crawler, Drone x3  
  190  20:04  Zergling x10  
  193  20:09  Zergling x12  
  192  20:16  Zergling x8  
  196  20:22  Roach  
  196  20:26  Zergling x2  
  196  20:27  Zergling x2  
  196  20:28  Overseer  
  195  20:37  Queen x3  
  195  20:41  Drone x5  
  199  21:00  Hatchery  
  198  21:08  Zergling x2  
  194  21:12  Zergling x2  
  194  21:13  Zergling x10  
  199  21:22  Baneling x8  
  199  21:30  Zergling x2  
  187  21:52  Zergling x28  
  187  21:53  Zergling x12  
  189  21:54  Zergling x2  
  189  21:55  Zergling x30  
Show
View Real Time Build Order
Export as new Build Order

VITRyung Terran 

Build Orders: Command Center First 

Get SALT Encoding   

  12  0:00  SCV  
  13  0:12  SCV  
  14  0:17  Supply Depot  
  14  0:24  SCV  
  15  0:38  SCV  
  16  0:50  SCV  
  17  0:58  Command Center  
  17  1:02  SCV  
  18  1:11  Barracks  
  18  1:15  SCV  
  19  1:22  Refinery  
  19  1:27  SCV  
  19  1:28  Refinery  
  20  1:39  SCV  
  21  1:51  SCV  
  22  1:58  Marine  
  23  2:03  Orbital Command  
  23  2:07  Factory  
  23  2:11  Orbital Command  
  23  2:17  Barracks Reactor  
  23  2:29  SCV  
  24  2:37  SCV  
  24  2:41  SCV  
  26  2:50  SCV  
  27  2:53  SCV  
  27  2:55  Starport  
  30  2:58  Hellion  
  30  2:59  Hellion  
  30  3:02  SCV  
  30  3:05  SCV  
  34  3:07  Command Center  
  34  3:15  SCV  
  34  3:17  SCV  
  31  3:27  Barracks Tech Lab  
  29  3:28  SCV  
  29  3:32  SCV  
  31  3:38  Viking  
  31  3:40  SCV  
  34  3:45  SCV  
  35  3:49  Supply Depot  
  35  3:52  SCV  
  36  3:57  SCV  
  37  4:04  SCV  
  37  4:06  Factory  
  38  4:10  SCV  
  38  4:13  Factory, Hellion  
  38  4:14  Hellion  
  38  4:16  SCV  
  44  4:18  Barracks Tech Lab  
  44  4:22  Orbital Command  
  44  4:23  SCV  
  45  4:28  SCV  
  46  4:33  Refinery  
  46  4:36  SCV  
  47  4:40  SCV  
  47  4:41  Refinery  
  47  4:42  Hellion x2  
  52  4:50  SCV x2  
  52  4:51  Supply Depot  
  52  4:52  SCV  
  55  4:58  Marine  
  56  5:02  Cyclone  
  56  5:07  SCV x2  
  61  5:13  SCV, Cyclone  
  69  5:15  Mag-Field Accelerator  
  69  5:16  Supply Depot  
  65  5:22  Orbital Command  
  65  5:25  Supply Depot  
  65  5:26  Barracks Tech Lab  
  65  5:27  Starport Reactor  
  65  5:29  SCV x2  
  65  5:32  Factory x2  
  67  5:38  Supply Depot  
  67  5:40  Cyclone  
  67  5:41  SCV x2  
  72  5:45  Cyclone, Hellion  
  72  5:47  Hellion  
  79  5:54  SCV x3  
  79  5:55  Supply Depot  
  79  5:56  Infernal Pre-Igniter  
  82  6:06  SCV x3  
  89  6:11  Hellion x2  
  89  6:13  Supply Depot  
  89  6:17  Supply Depot  
  89  6:18  SCV x2  
  91  6:19  Supply Depot, Cyclone  
  91  6:22  Cyclone  
  97  6:28  Hellion x2  
  101  6:35  SCV x3  
  101  6:36  Supply Depot  
  101  6:38  Cyclone  
  107  6:44  Supply Depot  
  107  6:46  Hellion x2  
  111  6:52  SCV x3  
  107  7:03  Cyclone x2  
  107  7:04  SCV x3  
  115  7:15  Cyclone  
  118  7:16  Supply Depot x2  
  118  7:17  Armory, SCV x2  
  118  7:22  Hellion x2  
  126  7:23  Hellion  
  126  7:30  Hellion  
  126  7:32  Supply Depot, SCV  
  126  7:33  SCV  
  126  7:35  Cyclone  
  126  7:36  Supply Depot  
  133  7:39  SCV  
  134  7:51  Cyclone x2  
  130  7:52  Hellion x2  
  126  7:59  Widow Mine x2  
  117  8:06  Terran Vehicle And Ship Armor Level 1  
  117  8:09  Cyclone, Command Center  
  117  8:10  Starport Reactor  
  116  8:13  Refinery  
  116  8:14  Supply Depot  
  116  8:16  Refinery  
  115  8:21  SCV x3  
  115  8:23  Cyclone x2  
  124  8:30  Widow Mine x2  
  124  8:31  Widow Mine  
  124  8:32  Widow Mine  
  124  8:33  SCV  
  133  8:38  Engineering Bay  
  133  8:39  SCV x2  
  135  8:44  Cyclone, Factory  
  135  8:45  SCV  
  139  8:52  Factory  
  139  8:54  SCV  
  139  8:55  SCV, Cyclone  
  144  8:57  SCV  
  144  8:59  Factory  
  144  9:00  Hellion  
  144  9:01  Hellion x2  
  149  9:12  Missile Turret  
  149  9:14  Missile Turret x2  
  149  9:15  Missile Turret  
  149  9:16  Missile Turret  
  149  9:20  Missile Turret  
  149  9:23  Cyclone x2  
  161  9:24  Hellion x3, Missile Turret  
  161  9:30  Sensor Tower  
  161  9:31  SCV x3  
  160  9:45  SCV  
  160  9:46  SCV x2  
  160  9:50  Refinery  
  163  9:53  Missile Turret  
  163  9:56  Missile Turret  
  163  9:57  Refinery, Planetary Fortress  
  163  9:59  Factory Tech Lab x2, Factory Reactor  
  160  10:08  Drilling Claws, Supply Depot  
  160  10:10  Supply Depot  
  160  10:11  Supply Depot  
  160  10:15  Cyclone  
  160  10:19  Supply Depot  
  163  10:22  Terran Vehicle And Ship Armor Level 2  
  163  10:26  Cyclone  
  164  10:29  Hellion  
  164  10:30  Cyclone, Hellion x3  
  164  10:31  Hellion  
  164  10:33  Cyclone  
  174  10:41  Widow Mine  
  174  10:42  Widow Mine  
  178  10:52  Supply Depot  
  178  11:01  Missile Turret  
  178  11:06  Cyclone  
  178  11:07  Cyclone  
  178  11:08  Cyclone  
  178  11:09  Cyclone  
  180  11:13  Cyclone  
  180  11:14  Hellion x2  
  180  11:16  Hellion  
  180  11:17  Command Center  
  188  11:19  Command Center, Supply Depot  
  188  11:20  Supply Depot  
  188  11:25  Hellion  
  171  11:31  Supply Depot  
  163  11:41  Cyclone x2, Hellion  
  163  11:42  Cyclone x2, Hellion  
  163  11:45  Cyclone  
  157  11:55  SCV x3  
  157  11:56  Hellion x2  
  157  11:57  Hellion  
  166  12:02  Widow Mine x2  
  166  12:03  Widow Mine  
  172  12:13  Cyclone x2  
  172  12:14  Cyclone x2  
  176  12:19  Cyclone  
  176  12:20  Hellion x2  
  176  12:21  Hellion  
  179  12:23  Hellion  
  179  12:26  Widow Mine x2  
  179  12:29  SCV x3  
  185  12:42  Widow Mine  
  187  12:45  Cyclone x2  
  187  12:46  Cyclone  
  196  12:57  Cyclone  
  199  13:06  Planetary Fortress  
  199  13:10  Starport  
  199  13:11  Starport  
  197  13:13  Widow Mine  
  197  13:19  Command Center  
  190  13:31  Cyclone x3, Hellion  
  190  13:32  Hellion x3  
  197  13:48  Starport Tech Lab  
  177  13:49  Hellion x2  
  179  13:56  Hyperflight Rotors  
  179  13:57  Cyclone  
  179  13:58  Cyclone, Refinery x2, Hellion x2  
  179  14:01  Sensor Tower  
  188  14:03  Starport Tech Lab x2  
  186  14:11  SCV x4  
  190  14:21  Cyclone x3  
  190  14:23  SCV x4  
  193  14:25  Hellion  
  193  14:26  Hellion x2  
  188  14:33  Banshee x2  
  188  14:38  Raven  
  194  14:40  Hellion x3  
  194  14:45  Missile Turret  
  200  14:51  Orbital Command x2  
  200  15:02  Terran Vehicle And Ship Armor Level 3  
  200  15:04  Armory  
  200  15:23  Cyclone x2  
  200  15:24  Orbital Command x2  
  200  15:25  Banshee  
  200  15:28  Cyclone x3  
  195  15:29  Orbital Command  
  195  15:41  Hellion x3  
  195  15:42  Hellion x3  
  198  15:52  Sensor Tower  
  198  15:53  Terran Vehicle Weapons Level 1  
  198  15:56  SCV x2  
  198  16:23  Viking x3  
  189  16:26  Hellion  
  189  16:27  Thor x2  
  198  16:35  Hellion x2  
  176  16:49  Thor  
  176  16:50  Thor, Smart Servos  
  188  17:03  Command Center  
  180  17:20  Cyclone  
  180  17:21  Cyclone x2  
  189  17:30  Hellion x6  
  189  17:33  Cyclone  
  197  17:53  Cyclone  
  200  17:59  Terran Vehicle Weapons Level 2  
  198  18:14  Sensor Tower, Hi-Sec Auto Tracking  
  198  18:15  Missile Turret  
  197  18:24  Cyclone x2  
  197  18:26  Hellion  
  185  18:38  Cyclone x2  
  185  18:40  Cyclone  
  185  18:41  Hellion x2  
  177  18:42  Hellion x2  
  177  18:44  Hellion  
  177  18:48  Hellion  
  175  18:51  Orbital Command  
  175  18:53  Orbital Command  
  175  18:54  Orbital Command  
  161  18:56  Cyclone  
  161  18:57  Hellion  
  136  19:10  Cyclone  
  136  19:11  Cyclone, Neosteel Armor  
  129  19:24  Orbital Command  
  129  19:25  Raven x2  
  127  19:50  Cyclone x2  
  127  19:51  Cyclone  
  136  19:57  Raven  
  130  20:12  Cyclone x2  
  120  20:14  Hellion  
  120  20:16  Hellion  
  122  20:22  Hellion, Cyclone  
  127  20:28  Interference Matrix  
  127  20:38  Cyclone x2  
  127  20:39  Hellion x2  
  131  20:45  SCV x2  
  131  20:46  SCV  
  131  20:47  SCV  
  133  20:59  Cyclone  
  133  21:00  Hellion  
  133  21:01  Hellion  
  137  21:14  SCV  
  137  21:15  SCV x3  
  137  21:17  Hellion x3  
  147  21:21  SCV  
  148  21:26  SCV  
  148  21:30  Cyclone  
Tags
 
Add a new tag
Caveats
  • Supply blocks, unpowered buildings, or Contaminate may cause inaccurate times.
  • Supply counts are checked every 10 seconds.